Workbook

Sheet Payroll expenses
A1: Cypress-Fairbanks ISD
A2: Payroll Expenses
A4: Aggregate Payroll Expenditures
A5: 2026-27
A7: Month | E7: Amount
A9: July 2026 | E9: =+'Payroll only'!C6 -> 83238694
A10: August 2026 | E10: =+'Payroll only'!C10 -> 84224821
A11: September 2026 | E11: =+'Payroll only'!C14 -> 0
A12: October 2026 | E12: =+'Payroll only'!C18 -> 0
A13: November 2026 | E13: =+'Payroll only'!C22 -> 0
A14: December 2026 | E14: =+'Payroll only'!C26 -> 0
A15: January 2027 | E15: =+'Payroll only'!C30 -> 0
A16: February 2027 | E16: =+'Payroll only'!C34 -> 0
A17: March 2027 | E17: =+'Payroll only'!C38 -> 0
A18: April 2027 | E18: =+'Payroll only'!C42 -> 0
A19: May 2027 | E19: =+'Payroll only'!C46 -> 0
A20: June 2027 | E20: =+'Payroll only'!C50 -> 0
A24: Additional Bank Transfers
A25: March 2027
A27: Workers' Compensation
A28: Health Insurance
A29: Teacher Retirement System (Employee & CFISD portion)
A30: Internal Revenue Service (Employee Taxes)
A31: TCG Administrators (Employee Retirement Accounts)
A32: HSA Bank (Employee Health Savings Accounts)
A33: Texas State Comptroller (Sales Tax Payments)
A36: Additional Bank Transfers
A37: April 2027
A39: Workers' Compensation
... A69: Texas State Comptroller (Sales Tax Payments)

Sheet Bank transfers
A1: Cypress-Fairbanks ISD
A2: Bank Transfers
A4: March 2027 | E4: =+'Payroll only'!C38 -> 0
A5: April 2027 | E5: =+'Payroll only'!C42 -> 0
A6: May 2027 | E6: =+'Payroll only'!C46 -> 0
A7: June 2027 | E7: =+'Payroll only'!C50 -> 0
A10: Additional Bank Transfers
A11: July 2026
A13: Workers' Compensation | E13: 195498
A14: Health Insurance | E14: 5904581
A15: Teacher Retirement System (Employee & CFISD portion) | E15: 12851984
A16: Internal Revenue Service (Employee Taxes) | E16: 7446798
A17: TCG Administrators (Employee Retirement Accounts) | E17: 2271226
A18: HSA Bank (Employee Health Savings Accounts) | E18: 253213
A19: Texas State Comptroller (Sales Tax Payments) | E19: 2426
A22: Additional Bank Transfers
A23: August 2026
A25: Workers' Compensation | E25: 211242
A26: Health Insurance | E26: 5917384
A27: Teacher Retirement System (Employee & CFISD portion) | E27: 10838775
A28: Internal Revenue Service (Employee Taxes) | E28: 7384563
A29: TCG Administrators (Employee Retirement Accounts) | E29: 1845951
A30: HSA Bank (Employee Health Savings Accounts) | E30: 254340
A31: Texas State Comptroller (Sales Tax Payments) | E31: 1722
A32: Bank of New York (Bond Payments) | E32: 71285750
A35: Additional Bank Transfers
A36: September 2026
A38: Workers' Compensation
A39: Health Insurance
A40: Teacher Retirement System (Employee & CFISD portion)
A41: Internal Revenue Service (Employee Taxes)
A42: TCG Administrators (Employee Retirement Accounts)
A43: HSA Bank (Employee Health Savings Accounts)
A44: Texas State Comptroller (Sales Tax Payments)
A47: Additional Bank Transfers
A48: October 2026
A50: Workers' Compensation
... A154: Texas State Comptroller (Sales Tax Payments)

Sheet Payroll only
A1: Aggregate Payroll Expenditures
A4: 46204 | B4: Payroll TF | C4: 79448368
B5: Benefit TF | C5: 3790326.5
C6: =SUM(C4:C5) -> 83238694
A8: 46235 | B8: Payroll TF | C8: 80241050
B9: Benefit TF | C9: 3983771.4
C10: =SUM(C8:C9) -> 84224821
A12: 46266 | B12: Payroll TF
B13: Benefit TF
C14: =SUM(C12:C13) -> 0
A16: 46296 | B16: Payroll TF
B17: Benefit TF
C18: =SUM(C16:C17) -> 0
A20: 46327 | B20: Payroll TF
B21: Benefit TF
C22: =SUM(C20:C21) -> 0
A24: 46357 | B24: Payroll TF
B25: Benefit TF
C26: =SUM(C24:C25) -> 0
A28: 46388 | B28: Payroll TF
B29: Benefit TF
C30: =SUM(C28:C29) -> 0
A32: 46419 | B32: Payroll TF
B33: Benefit TF
C34: =SUM(C32:C33) -> 0
A36: 46447 | B36: Payroll TF
B37: Benefit TF
C38: =SUM(C36:C37) -> 0
A40: 46478 | B40: Payroll TF
B41: Benefit TF
C42: =SUM(C40:C41) -> 0
A44: 46508 | B44: Payroll TF
B45: Benefit TF
C46: =SUM(C44:C45) -> 0
A48: 46539 | B48: Payroll TF
B49: Benefit TF
C50: =SUM(C48:C49) -> 0

Sheet Sheet3
